 Dungeon Crawl Stone Soup version 0.19.5 (webtiles) character file.

5144 ghjk the Cleaver (level 10, -7/88 HPs)
             Began as a Minotaur Fighter on Apr 17, 2017.
             Was an Elder of Okawaru.
             Killed from afar by an oklob plant (12 damage)
             ... with a splash of acid
             ... on level 8 of the Dungeon.
             The game lasted 00:17:14 (7415 turns).

ghjk the Cleaver (Minotaur Fighter)                 Turns: 7415, Time: 00:17:15

Health: -7/88      AC:  5    Str: 28    XL:     10   Next: 33%
Magic:  9/9        EV: 10    Int:  5    God:    Okawaru [****..]
Gold:   462        SH: 12    Dex: 10    Spells: 0 memorised, 9 levels left

rFire  . . .     SeeInvis .     a - +1 war axe
rCold  . . .     Gourm    .     b - +0 scale mail
rNeg   . . .     Faith    .     c - +0 shield
rPois  .         Spirit   .     (helmet restricted)
rElec  .         Reflect  .     D - +1 cloak
rCorr  .         Harm     .     m - +1 pair of gloves
MR     .....                    (no boots)
Stlth  ..........               (no amulet)
                                (no ring)
                                o - +4 ring of strength

@: corroded
A: retaliatory headbutt, horns 2
a: Heroism, Renounce Religion


You were on level 8 of the Dungeon.
You worshipped Okawaru.
Okawaru was greatly pleased with you.
You were hungry.

You visited 2 branches of the dungeon, and saw 9 of its levels.

You collected 462 gold pieces.

Inventory:

Hand Weapons
 a - a +1 war axe (weapon)
 C - a +0 battleaxe
 F - a +3 battleaxe of freezing
Armour
 b - a +0 scale mail (worn)
 c - a +0 shield (worn)
 m - a +1 pair of gloves (worn)
 w - a cursed +0 plate armour
 D - a +1 cloak (worn)
Jewellery
 o - a +4 ring of strength (left hand)
 A - an uncursed ring of see invisible
Wands
 n - a wand of confusion (22/48)
 x - a wand of slowing (8/48)
 B - a wand of confusion (41/48)
 I - a wand of lightning (12/15)
Scrolls
 i - 7 scrolls of remove curse
 t - 2 scrolls of amnesia
 v - 2 scrolls of enchant armour
 z - a scroll of magic mapping
Potions
 d - 2 potions of might
 e - 4 potions of curing
 g - a potion of cancellation
 h - a potion of flight {unknown}
 j - 2 potions of lignification
 l - a potion of heal wounds {unknown}
 p - 2 potions of ambrosia {unknown}
 q - 2 potions of beneficial mutation {unknown}
 r - a potion of invisibility {unknown}
 s - 2 potions of magic
 G - a potion of mutation {unknown}
 J - a potion of haste {unknown}
Books
 k - a book of Minor Magic

   Spells                             Type                      Level
   a - Magic Dart                     Conjuration                  1
   b - Blink                          Translocation                2
   c - Call Imp                       Summoning                    2
   d - Repel Missiles                 Charms/Air                   2
   e - Slow                           Hexes                        2
   f - Conjure Flame                  Conjuration/Fire             3
   g - Mephitic Cloud                 Conjuration/Poison/Air       3
 y - a book of Misfortune

   Spells                             Type                      Level
   a - Confusing Touch                Hexes                        1
   b - Confuse                        Hexes                        3
   c - Gell's Gravitas                Hexes/Translocation          3
   d - Petrify                        Transmutation/Earth          4
   e - Metabolic Englaciation         Hexes/Ice                    5
   f - Yara's Violent Unravelling     Hexes/Transmutation          5
Comestibles
 f - 4 bread rations
 u - 4 meat rations
 E - 5 beef jerkies


   Skills:
 + Level 7.7 Fighting
 + Level 12.0 Axes
 + Level 8.4 Armour
 + Level 3.7 Dodging
 + Level 1.0 Stealth
 + Level 9.1 Shields


You had 9 spell levels left.
You didn't know any spells.

Dungeon Overview and Level Annotations

Branches:
Dungeon (8/15)             Temple (1/1) D:5
   Lair: D:8-11

Altars:
Cheibriados
Dithmenos
Elyvilon
Fedhas
Gozag
Hepliaklqana
Kikubaaqudgha
Makhleb
Nemelex Xobeh
Okawaru
Qazlal
Ru
Sif Muna
Trog
Uskayaw
Xom
Yredelemnul
Zin
The Shining One

Shops:
D:4 =   D:7 *

Annotations:
D:8 exclusion: 2 oklob plants


Innate Abilities, Weirdness & Mutations

You reflexively headbutt those who attack you in melee.
You have a pair of horns on your head.


Message History

The oklob plant spits acid at you. The splash of acid hits you!
You are splashed with acid!
The acid burns!
You slash the oklob plant!
You headbutt the oklob plant, but do no damage.
The oklob plant is lightly damaged.
You hit the oklob plant but do no damage.
You headbutt the oklob plant.
The oklob plant is moderately damaged.
Unknown command.
You hit the oklob plant but do no damage.
You headbutt the oklob plant!
The oklob plant is heavily damaged.
The oklob plant spits acid at you. The splash of acid hits you!
* * * LOW HITPOINT WARNING * * *
You are splashed with acid!
The acid burns!
* * * LOW HITPOINT WARNING * * *
The oklob plant spits acid at you. The splash of acid hits you!
You die...

#...## #...#
## #....#
#..## .#
####.# #..#
## #.# ♣♣♣♣
#.♣♣♣♣.♣♣
#..♣♣.♣.♣♣♣♣♣
##♣.♣♣.♣..♣P♣
♣.♣.♣♣♣.%$♣
♣♣.♣♣ ♣@_%♣
♣.♣.♣♣P$%♣♣
♣♣ ♣♣♣♣♣♣♣


You could see 2 oklob plants.

Vanquished Creatures
  Maurice (D:7)
  A hippogriff (D:7)
  Grum (D:8)
  3 ice beasts
  A black bear (D:7)
  4 orc warriors
  2 centaurs
  A sky beast (D:7)
  A necrophage (D:8)
  3 phantoms
  4 ogres
  4 wolves (D:8)
  7 bullfrogs
  A wyvern zombie (D:8)
  3 scorpions
  7 killer bees
  9 wights
  7 howler monkeys
  3 crimson imps
  A centaur zombie (D:7)
  A bullfrog zombie (D:6)
  A quasit (D:8)
  2 centaur skeletons
  A jelly (D:5)
  2 orc priests (D:8)
  A hound (D:4)
  3 orc wizards
  Jessica (D:3)
  Ijyb (D:2)
  An iguana (D:7)
  4 worker ants
  A worker ant zombie (D:6)
  4 gnolls (D:3)
  2 howler monkey skeletons
  12 adders
  A shadow imp (D:6)
  5 adder skeletons
  4 adder zombies (D:6)
  3 worms
  4 leopard geckos
  17 orcs
  2 ball pythons
  4 bats
  10 giant cockroaches
  8 goblins
  4 hobgoblins
  5 jackals (D:6)
  8 quokkas
  4 frilled lizards
  7 kobolds
  A leopard gecko skeleton (D:4)
  A leopard gecko zombie (D:6)
  3 rats
192 creatures vanquished.

Notes
Turn   | Place    | Note
-------+----------+-------------------------------------------
     0 | D:1      | ghjk the Minotaur Fighter began the quest for the Orb.
     0 | D:1      | Reached XP level 1. HP: 19/19 MP: 0/0
   292 | D:1      | Reached XP level 2. HP: 26/27 MP: 1/1
   824 | D:2      | Noticed Ijyb
   833 | D:2      | Killed Ijyb
   833 | D:2      | Reached XP level 3. HP: 33/33 MP: 2/2
  1052 | D:2      | Found a blossoming altar of Fedhas.
  1137 | D:2      | Found a sacrificial altar of Ru.
  1148 | D:2      | Reached XP level 4. HP: 40/40 MP: 3/3
  1489 | D:2      | Reached skill level 3 in Axes
  1899 | D:3      | Reached skill level 5 in Armour
  1899 | D:3      | Reached XP level 5. HP: 23/46 MP: 4/4
  2032 | D:3      | Noticed Jessica
  2037 | D:3      | Killed Jessica
  2037 | D:3      | Reached skill level 4 in Axes
  2075 | D:3      | Found an ancient bone altar of Kikubaaqudgha.
  2077 | D:3      | Found a sparkling altar of Nemelex Xobeh.
  2100 | D:3      | Found a white marble altar of Elyvilon.
  2400 | D:4      | Found Akkoont's Jewellery Emporium.
  2447 | D:4      | Noticed an ogre
  2450 | D:4      | Killed an ogre
  2450 | D:4      | Reached skill level 1 in Dodging
  2450 | D:4      | Reached skill level 5 in Shields
  2450 | D:4      | Reached XP level 6. HP: 46/53 MP: 5/5
  2710 | D:4      | Found a burning altar of Makhleb.
  2712 | D:4      | Reached skill level 5 in Axes
  2961 | D:5      | Entered Level 5 of the Dungeon
  3063 | D:5      | Reached skill level 6 in Axes
  3063 | D:5      | Reached XP level 7. HP: 49/60 MP: 6/6
  3068 | D:5      | Found a staircase to the Ecumenical Temple.
  3084 | D:5      | Reached skill level 5 in Fighting
  3107 | Temple   | Entered the Ecumenical Temple
  3336 | Temple   | Became a worshipper of Warmaster Okawaru
  3437 | D:5      | Reached skill level 7 in Axes
  3862 | D:5      | Reached XP level 8. HP: 68/68 MP: 7/7
  3887 | D:6      | Reached skill level 8 in Axes
  3928 | D:6      | Reached * piety under Okawaru
  4044 | D:6      | Reached skill level 9 in Axes
  4627 | D:7      | Noticed a hippogriff
  4696 | D:7      | Found a shimmering altar of Xom.
  4915 | D:7      | Reached ** piety under Okawaru
  4915 | D:7      | Reached skill level 10 in Axes
  4915 | D:7      | Reached XP level 9. HP: 15/75 MP: 8/8
  5379 | D:7      | Found a hide-covered altar of Uskayaw.
  5540 | D:7      | Found Zin's Purification Station.
  5542 | D:7      | Found a glowing silver altar of Zin.
  6072 | D:8      | Noticed Maurice
  6083 | D:8      | Reached skill level 11 in Axes
  6092 | D:8      | Reached *** piety under Okawaru
  6350 | D:7      | Killed Maurice
  6399 | D:8      | Reached XP level 10. HP: 35/86 MP: 9/9
  6866 | D:8      | Found a stormy altar of Qazlal.
  6922 | D:8      | Reached **** piety under Okawaru
  6926 | D:8      | Noticed Grum
  6929 | D:8      | Reached skill level 1 in Stealth
  6946 | D:8      | Killed Grum
  7335 | D:8      | Reached skill level 12 in Axes
  7405 | D:8      | Found a blossoming altar of Fedhas.
  7407 | D:8      | Noticed an oklob plant
  7407 | D:8      | Noticed an oklob plant
  7415 | D:8      | Killed from afar by an oklob plant

Skill      XL: |  1  2  3  4  5  6  7  8  9 10 |
---------------+-------------------------------+-----
Armour         | 4 5 7 8 |  8.4
Shields        | 4 5 6 8 9 |  9.1
Fighting       | 4 5 6 7 |  7.7
Axes           | 3 4 6 7 10 11 12 | 12.0
Dodging        | 1 2 3 |  3.7
Stealth        | 1 |  1.0

Action                   |  1- 3 |  4- 6 |  7- 9 | 10-12 || total
-------------------------+-------+-------+-------+-------++-------
Melee: War axe           |    61 |   155 |   283 |    92 ||   591
       Headbutt          |    12 |    17 |    60 |    16 ||   105
  Use: Scroll            |     2 |    11 |     3 |       ||    16
       Potion            |       |     1 |     2 |       ||     3
  Eat: Chunk             |       |     5 |     1 |     2 ||     8
       Pizza             |       |     1 |     1 |     1 ||     3
       Bread ration      |       |       |     1 |       ||     1
       Fruit             |       |       |     3 |       ||     3
       Beef jerky        |       |       |     1 |       ||     1
Armor: Scale mail        |    27 |    59 |    85 |    33 ||   204
Dodge: Dodged            |    29 |    57 |    91 |    18 ||   195
Block: Shield            |    39 |    78 |   175 |    43 ||   335
